 Dungeon Crawl Stone Soup version 0.30-b1-2-g02819fbbbe (webtiles) character file.

Game seed: 10058647676912629324

70 redmage the Digger (level 4, 0/33 HPs)
             Began as a Meteoran Earth Elementalist on Sept 4, 2023.
             Slain by an orc
             ... wielding a +0 trident
              (1 damage)
             ... while paralysed by Grinder
             ... on level 3 of the Dungeon.
             The game lasted 00:06:22 (390 turns).

redmage the Digger (Meteoran Earth Elementalist)     Turns: 390, Time: 00:06:22

Health: 0/33       AC:  2    Str:  9    XL:     4   Next: 72%
Magic:  7/11       EV:  2    Int: 19    God:
Gold:   8          SH:  0    Dex: 14    Spells: 5/11 levels left

rFire   . . .        (no weapon)
rCold   . . .        (no shield)
rNeg    . . .        a - +0 robe
rPois   .            (no helmet)
rElec   .            (no cloak)
rCorr   .            (no gloves)
SInv    .            (no boots)
Will    .....        (no amulet)
Stlth   +            (no ring)
HPRegen 0.25/turn    (no ring)
MPRegen 0.12/turn

%: no passive effects
@: confused, paralysed, glowing
A: sense surroundings 1, otherworldly, glowing, explore regen
a: no special abilities


You were on level 3 of the Dungeon.
You visited 1 branch of the dungeon, and saw 4 of its levels.

You collected 8 gold pieces.

Inventory:

Missiles
 d - 3 poisoned darts
 o - 2 throwing nets
Armour
 a - a +0 robe (worn)
Wands
 l - a wand of roots (7)
Scrolls
 e - a scroll of noise {unknown}
 h - a scroll of immolation {unknown}
 j - a scroll of vulnerability {unknown}
 k - a scroll of magic mapping {unknown}
 m - 2 scrolls of fear {unknown}
Potions
 b - a potion of magic
 c - a potion of curing {unknown}
 f - a potion of haste {unknown}
 g - a potion of flight {unknown}
 i - a potion of attraction {unknown}
 n - a potion of lignification {unknown}


   Skills:
 - Level 2.5 Dodging
 - Level 1.4 Stealth
 + Level 4.2 Spellcasting
 * Level 0.0 Conjurations
 - Level 1.3 Transmutations
 + Level 4.8 Earth Magic


You had 5 spell levels left.
You knew the following spells:

 Your Spells              Type           Power      Damage    Failure   Level
a - Sandblast             Erth           44%        2d11      1%          1
b - Passwall              Tmut/Erth      12%        N/A       6%          2
c - Stone Arrow           Conj/Erth      26%        3d8       16%         3

Your spell library contained the following spells:

 Spells                   Type           Power      Damage    Failure   Level
 Petrify                  Tmut/Erth      15%        N/A       36%         4


Dungeon Overview and Level Annotations

Branches:
Dungeon (4/15) Zot: 1988
 Temple: D:4-7

Altars:

Annotations:
D:3 Grinder


Innate Abilities, Weirdness & Mutations

You passively map a small area around you.
You are easily found by Zot.
You glow in the dark.
You regain HP and MP as you explore.


Message History

You climb upwards.
There is a stone staircase leading down here.
There is a stone staircase leading down here.
There is a stone staircase leading down here.
You climb downwards.
Level annotation: Grinder
There is a stone staircase leading up here.
Casting: Sandblast (safe; 1% risk of failure)
Confirm with . or Enter, or press ? or * to list all spells.
The spell is quite dangerous to miscast (16% risk of failure)!
Continue anyway?
Aiming: Stone Arrow (quite dangerous; 16% risk of failure)
Press: ? - help, Shift-Dir - straight line, f - Grinder
Aim: Grinder, carrying a wand of light (10) (64% to hit)
The stone arrow hits Grinder!!
Grinder is heavily wounded.
Unknown command.
Casting: Stone Arrow (quite dangerous; 16% risk of failure)
Confirm with . or Enter, or press ? or * to list all spells.
Aiming: Sandblast (safe; 1% risk of failure)
Press: ? - help, Shift-Dir - straight line, f/p - Grinder
Aim: Grinder, carrying a wand of light (10) (heavily wounded, 81% to hit)
The blast of sand hits Grinder!
Grinder is almost dead.
Grinder zaps a wand.
The bolt of light hits you!
You are confused.
Ouch! That really hurt!
Unknown command.
You're too confused to cast spells.
Sorry, you're not good enough to have a special ability.
Unknown command.
Unknown command.
Unknown command.
Okay, then.
You're too confused to move!
Grinder zaps a wand.
The bolt of light hits you!
You are more confused.
* * * LOW HITPOINT WARNING * * *
Grinder gestures at you.
You suddenly lose the ability to move!
The orc hits you from afar with a +0 trident.
You die...

....##..##.##..# ,,,
o...###..#.#...#### ,
#..##.##..........#..
,
#...#.#...o..........
###)5..†..o...#####..,
####...##o#.### ., , ,
, ######.(5o.##* ,
####.<)####...
#.....@....# *
#..........#
#..........#
############


You could see Grinder and 4 orcs.

Vanquished Creatures
  An orc priest (D:3)
  An adder (D:2)
  A worm (D:3)
  5 orcs (D:3)
  A ball python (D:3)
  An endoplasm (D:1)
  4 giant cockroaches
  2 goblins (D:3)
  2 hobgoblins
  A bat (D:1)
  A frilled lizard (D:2)
  2 kobolds
  A rat (D:1)
23 creatures vanquished.

Notes
Turn   | Place    | Note
-------+----------+-------------------------------------------
     0 | D:1      | redmage the Meteoran Earth Elementalist began the quest for
                  | the Orb.
     0 | D:1      | Reached XP level 1. HP: 14/14 MP: 5/5
    89 | D:1      | Reached XP level 2. HP: 20/20 MP: 3/6
   188 | D:2      | Reached XP level 3. HP: 26/26 MP: 5/8
   191 | D:2      | Learned a level 2 spell: Passwall
   195 | D:2      | Learned a level 3 spell: Stone Arrow
   239 | D:4      | Noticed a scorpion
   239 | D:4      | Noticed a scorpion
   239 | D:4      | Noticed a yak
   240 | D:4      | Noticed a yak
   314 | D:3      | Reached XP level 4. HP: 25/33 MP: 1/11
   342 | D:3      | Noticed Grinder
   388 | D:3      | HP: 1/33 [Grinder/bolt of light (16)]
   389 | D:3      | Paralysed by Grinder for 3 turns
   390 | D:3      | Slain by an orc

Illustrated notes

Levels and vault maps discovered:
D:1:      giann_bridges, layout_loops_ring, hangedman_decor_diamond_cutter
D:2:      layout_basic, uniq_crazy_yiuf_cottage, uniq_terence, uniq_natasha
D:3:      layout_rooms, dreamdust_ecumenical_altar_angels_and_demons,
          minmay_between, uniq_grinder
D:4:      layout_rooms, mainiacjoe_overflow_cross_hatched, kennysheep_mini,
          portal_sewer_entry_e

Skill      XL: |  1  2  3 |
---------------+----------+-----
Spellcasting   | 3 4 |  4.2
Earth Magic    | 4 |  4.8
Dodging        | |  2.5
Stealth        | |  1.4
Transmutations | |  1.3

Action                     |  1- 3 |  4- 6 || total
---------------------------+-------+-------++-------
  Melee: Unarmed           |     1 |       ||     1
   Cast: Sandblast         |    30 |     7 ||    37
         Stone Arrow       |     1 |     1 ||     2
 Armour: Robe              |     4 |     1 ||     5
  Dodge: Dodged            |     2 |     4 ||     6
